 Dungeon Crawl Stone Soup version 0.29-a0-986-gdf0a18e73c (webtiles) character file.

Game seed: 17048655871795244963

2549 Essalna the Insei (level 9, 0/94 HPs)
             Began as a Grey Draconian Transmuter on Aug 1, 2022.
             Was a Believer of the Shining One.
             Slain by a kobold brigand
             ... wielding a +0 war axe
              (9 damage)
             ... in a bailey on Aug 2, 2022.
             The game lasted 00:14:20 (9007 turns).

Essalna the Insei (Grey Draconian Transmuter)       Turns: 9007, Time: 00:14:21

Health: 0/94       AC:  7    Str: 20    XL:     9   Next: 30%
Magic:  0/12       EV: 10    Int: 14    God:    the Shining One [**....]
Gold:   382        SH:  0    Dex: 14    Spells: 7/12 levels left

rFire   x . .      SeeInvis .     - Unarmed
rCold   + + +      Faith    .   (shield currently unavailable)
rNeg    + . .      Spirit   +   (body armour unavailable)
rPois   +          Reflect  .   (helmet currently unavailable)
rElec   .          Harm     .   (cloak currently unavailable)
rCorr   .          Rampage  .   (gloves currently unavailable)
Will    +....                   (boots currently unavailable)
Stlth   +.........              v - amulet of guardian spirit
HPRegen 0.25/turn               n - ring of willpower
MPRegen 0.13/turn               y - +6 ring of strength

@: ice-form, glowing
A: freezing attack, boosted hp, AC +12, amphibious, large, unfitting armour,
(cold-blooded)
a: End Transformation, Renounce Religion, Divine Shield


You were in a bailey.
You worshipped the Shining One.
The Shining One was pleased with you.
You were a creature of crystalline ice.
You visited 2 branches of the dungeon, and saw 8 of its levels.
You also visited: Bailey.

You collected 382 gold pieces.

Inventory:

Armour
 t - a +2 cloak (melded)
Jewellery
 i - an amulet of magic regeneration
 n - a ring of willpower (left front paw)
 v - an amulet of guardian spirit (around neck)
 x - an amulet of reflection
 y - a +6 ring of strength (right front paw)
Wands
 q - a wand of iceblast (7)
Scrolls
 b - 7 scrolls of identify
 d - a scroll of fog {unknown}
 g - 2 scrolls of enchant armour {unknown}
 j - a scroll of torment {unknown}
 l - 3 scrolls of fear {unknown}
 m - 2 scrolls of magic mapping {unknown}
 p - 5 scrolls of teleportation {unknown}
 r - 2 scrolls of immolation {unknown}
 w - a scroll of blinking {unknown}
Potions
 a - 2 potions of lignification
 c - 3 potions of mutation
 e - 4 potions of curing
 f - 4 potions of heal wounds
 h - a potion of magic
 k - a potion of degeneration
 o - 2 potions of resistance
 s - a potion of attraction {unknown}
 u - 3 potions of brilliance {unknown}
 z - a potion of haste {unknown}
 A - 2 potions of flight {unknown}
 B - a potion of ambrosia {unknown}


   Skills:
 + Level 7.0 Fighting
 - Level 1.7 Dodging
 + Level 7.1 Unarmed Combat
 - Level 2.0 Spellcasting
 + Level 6.7 Transmutations
 + Level 5.8 Ice Magic


You had 7 spell levels left.
You knew the following spells:

 Your Spells              Type           Power      Damage    Failure   Level
a - Beastly Appendage     Tmut           40%        N/A       1%          1
b - Ice Form              Ice/Tmut       19%        N/A       19%         4

Your spell library contained the following spells:

 Spells                   Type           Power      Damage    Failure   Level
 Wereblood                Tmut           20%        N/A       2%          2
 Spider Form              Tmut/Pois      10%        N/A       19%         3
 Summon Forest            Summ/Tloc      0%         N/A       100%        5
 Eringya's Noxious Bog    Tmut/Pois      5%         N/A       100%        6
 Summon Hydra             Summ           0%         N/A       100%        7


Dungeon Overview and Level Annotations

Branches:
Dungeon (7/15)             Temple (1/1) D:4          Bailey (1/1)

Altars:
Makhleb
Qazlal
Trog
Wu Jian
The Shining One

Shops:
D:5 *

Annotations:
D:6 3 runed translucent doors, Heedrag's ghost, novice MiFi


Innate Abilities, Weirdness & Mutations

You are a creature of crystalline ice.
You have a powerful freezing melee attack.
Your maximum health is increased.
Your armour is entirely melded.
You are incapable of wielding weapons or throwing items.
((Your dull iron-grey scales are very hard. (AC +12)))
You are amphibious.
You cannot fit into any form of body armour.
((You are cold-blooded and may be slowed by cold attacks.))


Message History

The orc knight is moderately wounded.
You punch the orc knight! You freeze the orc knight.
The orc knight is severely wounded.
The orc knight barely misses you.
You hit the orc knight but do no damage.
The orc knight is severely wounded.
The orc knight hits you with a +0 war axe.
The kobold brigand closely misses you.
You punch the orc knight! You freeze the orc knight.
The orc knight is almost dead.
The orc knight closely misses you. The kobold brigand closely misses you.
You hit the orc knight. You freeze the orc knight.
The orc knight is almost dead.
The orc knight hits you with a +0 war axe.
The kobold brigand barely misses you.
You hit the orc knight but do no damage.
The orc knight is almost dead.
The orc knight hits you with a +0 war axe!
The kobold brigand hits you with a +0 war axe.
You hit the orc knight. You freeze the orc knight.
The orc knight is almost dead.
The orc knight hits you with a +0 war axe!
The kobold brigand hits you with a +0 war axe!
* * * LOW HITPOINT WARNING * * *
You punch the orc knight! You freeze the orc knight.
You kill the orc knight!
The kobold brigand hits you with a +0 war axe.
* * * LOW HITPOINT WARNING * * *
Your Fighting skill increases to level 7!
Your Unarmed Combat skill increases to level 7!
You punch the kobold brigand! You freeze the kobold brigand!
The kobold brigand is severely wounded.
The kobold brigand hits you with a +0 war axe!
* * * LOW HITPOINT WARNING * * *
You barely miss the kobold brigand.
The kobold brigand is severely wounded.
You barely miss the kobold brigand.
The kobold brigand is severely wounded.
The kobold brigand hits you with a +0 war axe!
You die...

..~~.......~~....#
###~~.......~~###.#
.~~.......~~....#
#~~.......~~###.#
.~~.......~~....#
#~~.......~~###.#
.~~.......~~....#
#~~.......~~#####
#~....Y..~##
####'K)#### #.....
#∩/...}∩ #...8...#
##..(..## ###'###
..


You could see a kobold brigand.

Vanquished Creatures
  An orc knight (Bailey)
  Maggie (D:6)
  Grinder (D:4)
  An ice beast (D:5)
  A sky beast (D:6)
  A centaur (D:5)
  3 phantoms
  3 kobold brigands (Bailey)
  A necrophage (D:5)
  A howler monkey (D:5)
  2 orc priests
  4 hounds
  Crazy Yiuf (D:3)
  3 jellies
  Ijyb (D:3)
  Natasha (thrice) (D:4)
  3 orc wizards
  Robin (D:3)
  7 gnolls
  6 adders
  2 white imps
  4 ufetubi
  4 worms
  3 dart slugs
  13 orcs
  3 bats
  6 endoplasms
  5 giant cockroaches
  41 goblins
  32 hobgoblins
  4 jackals
  2 quokkas (D:1)
  6 ball pythons
  2 frilled lizards (D:1)
  19 kobolds
  7 rats
198 creatures vanquished.

Notes
Turn   | Place    | Note
-------+----------+-------------------------------------------
     0 | D:1      | Essalna the Draconian Transmuter began the quest for the
                  | Orb.
     0 | D:1      | Reached XP level 1. HP: 16/16 MP: 3/3
   496 | D:1      | Reached XP level 2. HP: 19/24 MP: 3/5
   994 | D:1      | Reached XP level 3. HP: 27/29 MP: 4/6
  1114 | D:1      | Found a faded altar of an unknown god.
  2064 | D:2      | Reached XP level 4. HP: 37/37 MP: 7/7
  2901 | D:3      | Learned a level 4 spell: Ice Form
  2971 | D:3      | Noticed Ijyb
  3000 | D:3      | Killed Ijyb
  3515 | D:3      | Reached XP level 5. HP: 36/45 MP: 8/8
  3681 | D:3      | Reached skill level 1 in Ice Magic
  3907 | D:3      | Noticed Robin
  4085 | D:3      | Found a runed translucent door.
  4086 | D:3      | Noticed Crazy Yiuf
  4098 | D:3      | Killed Crazy Yiuf
  4405 | D:3      | Killed Robin
  4766 | D:3      | Reached XP level 6. HP: 46/51 MP: 9/9
  5030 | D:4      | Noticed Grinder
  5038 | D:4      | Paralysed by Grinder for 5 turns
  5403 | D:4      | Killed Grinder
  5404 | D:4      | Your scales start taking on a dull iron-grey colour.
  5404 | D:4      | Reached XP level 7. HP: 46/59 MP: 10/10
  5494 | D:4      | Found a staircase to the Ecumenical Temple.
  5513 | Temple   | Entered the Ecumenical Temple
  5521 | Temple   | Became a worshipper of the Shining One
  5632 | D:4      | Reached skill level 5 in Unarmed Combat
  5650 | D:4      | Noticed Natasha
  5656 | D:4      | Killed Natasha
  5688 | D:4      | Noticed Natasha
  5696 | D:4      | Killed Natasha
  5716 | D:4      | Noticed Natasha
  5722 | D:4      | Killed Natasha
  5930 | D:5      | Entered Level 5 of the Dungeon
  5930 | D:5      | Found Zooril's Mass Market.
  5940 | D:5      | Reached * piety under the Shining One
  6530 | D:5      | Reached skill level 5 in Fighting
  6530 | D:5      | Reached skill level 5 in Transmutations
  6673 | D:5      | Reached XP level 8. HP: 68/68 MP: 9/11
  6823 | D:5      | Upgraded the game from 0.29-a0-977-g7483850d73 to
                  | 0.29-a0-986-gdf0a18e73c
  7622 | D:6      | Noticed Maggie
  7645 | D:6      | Killed Maggie
  7646 | D:6      | Reached skill level 5 in Ice Magic
  8276 | D:6      | Found a runed translucent gate.
  8279 | D:6      | Found a runed translucent gate.
  8280 | D:6      | Found a runed translucent gate.
  8281 | D:6      | Noticed Heedrag's ghost (novice MiFi)
  8283 | D:6      | Reached ** piety under the Shining One
  8769 | D:7      | Found a flagged portal.
  8775 | Bailey   | Entered a bailey
  8806 | Bailey   | Reached XP level 9. HP: 73/78 MP: 6/12
  8989 | Bailey   | Noticed an orc knight
  9004 | Bailey   | Killed an orc knight
  9007 | Bailey   | Slain by a kobold brigand

Illustrated notes

Levels and vault maps discovered:
D:1:      dpeg_arrival_water_temple_mockup, layout_basic,
          ebering_ecumenical_altar_rust, minmay_bisected
D:2:      layout_loops_corners
D:3:      minmay_goblin_kobold_castle, layout_loops_ring, uniq_ijyb, uniq_robin,
          uniq_crazy_yiuf_cottage
D:4:      layout_cave_pools, minmay_temple_entry_slanted, uniq_natasha,
          uniq_grinder
D:5:      layout_basic, minmay_shop_mass
D:6:      layout_gridville, biasface_ghost_orc_armoury, uniq_maggie
D:7:      layout_cave_pools, enter_bailey_3, item_on_display_a, uniq_duvessa
Temple:   nicolae_temple_bog_church
Bailey:   bailey_axe_3, bailey

Skill      XL: |  1  2  3  4  5  6  7  8  9 |
---------------+----------------------------+-----
Fighting       | 2 3 4 5 6 7 |  7.0
Transmutations | 3 4 5 6 |  6.7
Unarmed Combat | 4 5 6 7 |  7.1
Ice Magic      | 1 2 3 5 |  5.8
Dodging        | |  1.7
Spellcasting   | |  2.0

Action                   |  1- 3 |  4- 6 |  7- 9 || total
-------------------------+-------+-------+-------++-------
Melee: Unarmed           |    78 |   243 |   232 ||   553
       Kick              |    19 |    68 |    61 ||   148
       Headbutt          |    14 |    42 |    42 ||    98
       Tailslap          |     8 |    28 |    23 ||    59
       Punch             |       |     7 |     9 ||    16
 Cast: Beastly Appendage |    26 |    34 |    26 ||    86
       Ice Form          |       |       |     8 ||     8
Evoke: Wand              |       |       |     2 ||     2
  Use: Potion            |       |     1 |       ||     1
       Scroll            |       |       |     5 ||     5
 Stab: Sleeping          |     1 |       |       ||     1
Armor: Skin              |    24 |    87 |    79 ||   190
Dodge: Dodged            |    40 |   154 |   152 ||   346

Table legend: (Time is in decaauts)
 A = Elapsed time spent in this place.
 B = Non-inter-level travel time spent in this place.
 C = Inter-level travel time spent in this place.
 D = Time resting spent in this place.
 E = Time spent auto-exploring this place.
 F = Levels seen in this place.
 G = Mean time per level.
                   A        B        C        D        E       F      G
               +--------+--------+--------+--------+--------+-----+--------+
         Total |   8963 |   8688 |    275 |    554 |   6869 |   9 |  995.9 |
       Dungeon |   8722 |   8451 |    271 |    554 |   6713 |   7 | 1246.0 |
        Temple |     13 |      9 |      4 |      0 |      1 |   1 |   13.0 |
        Bailey |    227 |    227 |      0 |      0 |    155 |   1 |  227.0 |
               +--------+--------+--------+--------+--------+-----+--------+

Top non-repeatable levels by time:
     D:3: 2926 daAuts
     D:6: 1513 daAuts
     D:1: 1484 daAuts
     D:2: 1135 daAuts
     D:4: 853 daAuts
     D:5: 782 daAuts
  Bailey: 227 daAuts
     D:7: 26 daAuts
  Temple: 13 daAuts
